 Dungeon Crawl Stone Soup version 0.25.0-11-g1f837a76a1 (webtiles) character file.

Game seed: 8827366933595791462

301 sanka the Vexing (level 6, -1/62 HPs)
             Began as an Ogre Enchanter on June 24, 2020.
             Killed from afar by an orc wizard (12 damage)
             ... with a puff of flame
             ... on level 4 of the Dungeon.
             The game lasted 00:11:00 (6133 turns).

sanka the Vexing (Ogre Enchanter)                   Turns: 6133, Time: 00:11:00

Health: -1/62      AC:  3    Str: 15    XL:     6   Next: 37%
Magic:  10/10      EV: 10    Int: 16    God:
Gold:   151        SH:  0    Dex:  9    Spells: 4/11 levels left

rFire    . . .     SeeInvis .   a - +2 flail (vorpal)
rCold    . . .     Gourm    .   (no shield)
rNeg     . . .     Faith    .   b - +0 robe
rPois    .         Spirit   .   (helmet restricted)
rElec    .         Reflect  .   (no cloak)
rCorr    .         Harm     .   (gloves unavailable)
MR       .....                  (boots unavailable)
Stlth    ++........             f - amulet of magic regeneration
HPRegen  0.20/turn              (no ring)
MPRegen  0.37/turn              (no ring)

@: no status effects
A: large, unfitting armour, tough skin 1
a: no special abilities


You were on level 4 of the Dungeon.
You were not hungry.

You visited 1 branch of the dungeon, and saw 4 of its levels.

You collected 151 gold pieces.


Innate Abilities, Weirdness & Mutations

You are too large for most types of armour.
You have tough skin. (AC +1)


   Skills:
 + Level 3.8 Fighting
 - Level 0.8 Short Blades
 * Level 3.4 Maces & Flails
 - Level 1.7 Dodging
 - Level 2.1 Stealth
 - Level 3.0 Spellcasting
 + Level 4.0 Hexes


You had 4 spell levels left.
You knew the following spells:

 Your Spells              Type           Power        Failure   Level  Hunger
x - Tukima's Dance        Hex            ###.....     11%         3    ###....
z - Confusing Touch       Hex            ###.....     11%         3    ###....
Z - Corona                Hex            ###....      3%          1    #......

Your spell library contained the following spells:

 Spells                   Type           Power        Failure   Level  Hunger
 Ensorcelled Hibernation  Hex/Ice        #.....       12%         2    ##.....
 Dazzling Flash           Conj/Hex       #.....       24%         3    ###....

Inventory:

Hand Weapons
 a - a +2 vorpal flail (weapon)
 h - a +0 club
 o - a +1 dagger
Missiles
 j - 5 boomerangs (quivered)
 k - 104 stones
Armour
 b - a +0 robe (worn)
Jewellery
 f - an amulet of magic regeneration (around neck)
Scrolls
 i - 2 scrolls of remove curse {unknown}
 m - a scroll of fear {unknown}
 p - 2 scrolls of fog {unknown}
 q - 2 scrolls of amnesia {unknown}
 r - 3 scrolls of identify {unknown}
 s - a scroll of enchant armour {unknown}
 w - 2 scrolls of noise {unknown}
 y - a scroll of random uselessness {unknown}
Potions
 e - 2 potions of haste {unknown}
 g - 2 potions of mutation {unknown}
 l - a potion of brilliance {unknown}
 n - a potion of resistance {unknown}
 t - a potion of heal wounds {unknown}
 u - a potion of invisibility {unknown}
 v - 3 potions of degeneration {unknown}
 z - a potion of cancellation {unknown}
Comestibles
 d - 9 rations
 x - 3 chunks of flesh

Dungeon Overview and Level Annotations

Branches:
Dungeon (4/15)
 Temple: D:4-7

Altars:
Cheibriados

..............▒▒....^.▒▒.....▒
..............▒.......▒.▒...▒▒
......................▒....▒▒
.▒▒....▒...................▒
.▒...................>.▒...▒
..▒..................▒▒▒...▒
.▒▒.................o.▒▒.....
.▒▒...............{.▒▒..o.....▒
.▒............<.O...▒ ..▒......
...................▒▒. ▒▒......
...▒▒.......)......... ▒.▒▒.▒
...▒................▒.▒
.....▒.......▒▒.........
............▒▒▒▒....▒▒.£▒
.....▒▒......▒ ▒▒...▒ ..
▒....>▒...▒.... ......
▒▒.......▒▒.... ▒▒▒.


You could see an orc wizard (fast).


Message History

You barely miss something. The orc wizard barely misses you.
Something hits you but does no damage.
The orc wizard hits you with a +0 dagger.
* * * LOW HITPOINT WARNING * * *
Unknown command.
The orc wizard gestures wildly while chanting.
The orc wizard blinks!
You hear some strange, mumbled words.
A puff of flame appears from out of thin air!
The puff of flame hits you!
* * * LOW HITPOINT WARNING * * *
The orc wizard gestures at you while chanting.
The magic dart hits you.
* * * LOW HITPOINT WARNING * * *
Unknown command.
The orc wizard points at you and mumbles some strange words.
The magic dart hits you.
* * * LOW HITPOINT WARNING * * *
The orc wizard casts a spell at you.
The magic dart hits something.
Your hands stop glowing.
The orc wizard gestures wildly while chanting.
The orc wizard blinks!
There is a stone staircase leading down here.
Found 5 gold pieces.
You hear some strange, mumbled words.
A puff of flame appears from out of thin air!
The puff of flame hits you!
You die...

Action                   |  1- 3 |  4- 6 || total
-------------------------+-------+-------++-------
Melee: Dagger            |   105 |       ||   105
       Flail             |    18 |   172 ||   190
Throw: Stone             |     9 |     4 ||    13
       Boomerang         |       |    15 ||    15
 Cast: Confusing Touch   |       |     5 ||     5
  Use: Potion            |     1 |     1 ||     2
 Stab: Sleeping          |     3 |     3 ||     6
       Confused          |       |     1 ||     1
  Eat: Chunk             |     3 |    11 ||    14
       Ration            |     1 |       ||     1
Armor: Robe              |    28 |    43 ||    71
Dodge: Dodged            |    87 |    91 ||   178

Levels and vault maps discovered:
D:1:      dpeg_arrival_more_subterranean_lakeside_camping, layout_basic
D:2:      layout_loops_ring
D:3:      layout_loops_corners, cheibriados_altar_1
D:4:      layout_cave_pools, first_ration, trog_book

Notes
Turn   | Place    | Note
-------+----------+-------------------------------------------
     0 | D:1      | sanka the Ogre Enchanter began the quest for the Orb.
     0 | D:1      | Reached XP level 1. HP: 16/16 MP: 3/3
   276 | D:1      | Reached skill level 1 in Fighting
   276 | D:1      | Reached XP level 2. HP: 18/27 MP: 5/5
   917 | D:1      | Reached skill level 3 in Hexes
  1533 | D:2      | Reached XP level 3. HP: 29/35 MP: 7/7
  1570 | D:1      | Reached skill level 2 in Fighting
  1570 | D:1      | Reached skill level 3 in Spellcasting
  1855 | D:1      | Learned a level 3 spell: Confusing Touch
  2556 | D:2      | Reached XP level 4. HP: 42/44 MP: 8/8
  2677 | D:2      | HP: 2/44 [gnoll/+0 halberd (9)]
  3080 | D:3      | Found a snail-covered altar of Cheibriados.
  3090 | D:3      | Reached skill level 3 in Fighting
  3090 | D:3      | Reached skill level 1 in Maces & Flails
  3397 | D:3      | Reached XP level 5. HP: 27/53 MP: 9/9
  4014 | D:3      | Reached skill level 4 in Hexes
  4022 | D:3      | Reached skill level 2 in Maces & Flails
  4382 | D:3      | Learned a level 3 spell: Tukima's Dance
  5246 | D:4      | Reached XP level 6. HP: 61/61 MP: 10/10
  5680 | D:4      | Reached skill level 3 in Maces & Flails
  6074 | D:4      | Identified a +2 robe of resistance
  6133 | D:4      | Killed from afar by an orc wizard

Vanquished Creatures
  A hound (D:4)
  2 orc priests (D:3)
  An orc wizard (D:4)
  A worker ant (D:4)
  3 gnolls
  2 adders (D:3)
  4 worms
  2 dart slugs
  2 leopard geckos
  18 orcs
  2 giant cockroaches
  5 goblins
  4 hobgoblins (D:1)
  6 jackals
  7 bats
  5 frilled lizards
  6 kobolds
  10 rats
81 creatures vanquished.
